[ AOE2 MATCH · #472871380 ]
Team RMEthiopians vs Teutons
[ REPLAY ANALYSIS · EXTRACTED FROM THE RECORDED GAME ]
Feudal
14:18
Castle
29:45
Imperial
—
| APM avg | 12.6 |
| APM peak | 24 |
| eAPM avg | 10.5 |
| Villagers / military | 30 / 19 |
Focus
⚔️ 45.5% · 🌾 54.5%
Militia ×19
Feudal
10:51
Castle
—
Imperial
—
| APM avg | 21.1 |
| APM peak | 41 |
| eAPM avg | 13.6 |
| Villagers / military | 56 / 78 |
Focus
⚔️ 32.2% · 🌾 67.8%
Militia ×68 · Spearman ×10
Feudal
12:28
Castle
—
Imperial
—
| APM avg | 13.6 |
| APM peak | 32 |
| eAPM avg | 11.7 |
| Villagers / military | 60 / 47 |
Focus
⚔️ 32.3% · 🌾 67.7%
Militia ×27 · Scout Cavalry ×13 · Spearman ×7
Feudal
—
Castle
—
Imperial
—
| APM avg | 26.5 |
| APM peak | 53 |
| eAPM avg | 13.0 |
| Villagers / military | 47 / 36 |
Focus
⚔️ 30.9% · 🌾 69.1%
Scout Cavalry ×32 · Skirmisher ×4
Match map
Resources at game start + every placement click. Thick line = wall · dashed box = detected house wall. 🟡 gold · ⚪ stone · 🟢 berries · 🔶 boar · ⭕ relic
Inputs per minute
— PicanteMartinez - - v4L
Build order — PicanteMartinez
89 actions detected in the replay
| 0:09 | Create | Villager (Male) ×4 |
| 0:17 | Research | Loom |
| 0:43 | Build | House |
| 0:44 | Build | House |
| 0:48 | Create | Villager (Male) ×3 |
| 1:36 | Create | Villager (Male) |
| 2:01 | Create | Villager (Male) |
| 2:33 | Create | Villager (Male) |
| 2:37 | Build | Lumber Camp |
| 3:22 | Create | Villager (Male) |
| 3:27 | Create | Villager (Male) |
| 4:00 | Create | Villager (Male) |
| 4:31 | Build | Mill |
| 5:15 | Create | Villager (Male) |
| 5:18 | Build | Mining Camp |
| 6:05 | Create | Villager (Male) |
| 6:12 | Build | House |
| 6:15 | Build | House |
| 7:56 | Create | Villager (Male) |
| 7:56 | Create | Villager (Male) |
| 7:56 | Create | Villager (Male) |
| 8:05 | Build | Lumber Camp |
| 8:28 | Build | Farm |
| 8:32 | Create | Villager (Male) |
| 8:32 | Create | Villager (Male) |
| 8:47 | Build | Farm |
| 10:05 | Create | Villager (Male) |
| 10:06 | Create | Villager (Male) |
| 10:06 | Create | Villager (Male) |
| 10:06 | Create | Villager (Male) |
| 10:33 | Build | Farm |
| 11:39 | Build | Barracks |
| 11:45 | Build | House |
| 11:46 | Build | House |
| 11:51 | Build | House |
| 12:08 | Research | Feudal Age |
| 12:14 | Build | Farm |
| 12:28 | Build | Mining Camp |
| 12:38 | Build | Farm |
| 12:39 | Build | Farm |
| 12:42 | Build | Farm |
| 13:16 | Create | Militia |
| 13:17 | Create | Militia |
| 13:34 | Create | Militia |
| 13:58 | Create | Militia |
| 14:18 | Age | Feudal Age |
| 14:21 | Build | Blacksmith |
| 14:25 | Research | Man-at-Arms (upgrade) |
| 14:40 | Build | Lumber Camp |
| 14:48 | Research | Double-Bit Axe |
| 15:04 | Create | Villager (Male) |
| 15:31 | Build | Farm |
| 16:22 | Build | Barracks |
| 16:29 | Create | Militia |
| 16:29 | Create | Militia |
| 16:34 | Research | Arson |
| 17:05 | Build | Watch Tower |
| 17:07 | Create | Militia ×3 |
| 17:20 | Build | Watch Tower |
| 17:36 | Create | Militia |
| 17:52 | Create | Villager (Male) |
| 17:53 | Create | Villager (Male) |
| 18:11 | Build | Watch Tower |
| 18:56 | Create | Militia ×2 |
| 20:05 | Research | Fletching |
| 20:05 | Research | Padded Archer Armor |
| 20:08 | Build | Farm |
| 20:25 | Create | Militia |
| 20:25 | Create | Militia |
| 20:42 | Create | Villager (Male) |
| 21:37 | Create | Militia |
| 21:37 | Create | Militia |
| 21:38 | Create | Militia |
| 21:56 | Build | Watch Tower |
| 23:21 | Build | Farm |
| 23:37 | Create | Militia |
| 23:37 | Create | Militia |
| 24:21 | Build | Watch Tower |
| 25:27 | Build | Market |
| 26:13 | Build | Lumber Camp |
| 26:32 | Build | Farm |
| 27:05 | Research | Castle Age |
| 27:21 | Build | Mining Camp |
| 28:18 | Research | Stone Mining |
| 28:29 | Create | Villager (Male) |
| 28:30 | Create | Villager (Male) |
| 29:38 | Research | Wheelbarrow |
| 29:45 | Age | Castle Age |
| 31:00 | Build | Castle |
Build order — v4L
First 150 of 195 actions detected
| 0:02 | Build | House |
| 0:02 | Build | House |
| 0:04 | Build | House |
| 0:05 | Create | Villager (Male) |
| 0:05 | Create | Villager (Male) |
| 0:06 | Create | Villager (Male) |
| 0:06 | Create | Villager (Male) |
| 2:01 | Create | Villager (Male) |
| 2:42 | Create | Villager (Male) |
| 3:05 | Create | Villager (Male) |
| 3:22 | Create | Villager (Male) |
| 3:34 | Create | Villager (Male) |
| 3:36 | Create | Villager (Male) |
| 3:45 | Create | Villager (Male) |
| 4:25 | Build | Lumber Camp |
| 5:09 | Create | Villager (Male) |
| 5:46 | Create | Villager (Male) |
| 5:46 | Create | Villager (Male) |
| 5:56 | Build | House |
| 5:57 | Build | House |
| 6:03 | Create | Villager (Male) |
| 6:03 | Create | Villager (Male) |
| 6:08 | Create | Villager (Male) |
| 6:55 | Create | Villager (Male) |
| 6:55 | Create | Villager (Male) |
| 7:05 | Create | Villager (Male) |
| 7:06 | Create | Villager (Male) |
| 7:20 | Create | Villager (Male) |
| 7:30 | Build | Mining Camp |
| 7:35 | Create | Villager (Male) |
| 7:49 | Build | Mill |
| 7:57 | Create | Villager (Male) |
| 7:57 | Create | Villager (Male) |
| 8:09 | Create | Villager (Male) |
| 8:17 | Create | Villager (Male) |
| 8:18 | Create | Villager (Male) |
| 8:25 | Create | Villager (Male) |
| 8:34 | Research | Feudal Age |
| 10:31 | Create | Villager (Male) |
| 10:32 | Create | Villager (Male) |
| 10:33 | Create | Villager (Male) |
| 10:48 | Build | Lumber Camp |
| 10:51 | Age | Feudal Age |
| 11:18 | Build | Farm |
| 11:28 | Build | Farm |
| 11:32 | Build | Farm |
| 11:36 | Build | Farm |
| 11:40 | Build | Farm |
| 11:45 | Build | Farm |
| 11:47 | Build | Farm |
| 11:51 | Build | Farm |
| 11:54 | Build | Farm |
| 11:57 | Build | Farm |
| 12:02 | Build | Farm |
| 12:05 | Build | Farm |
| 12:09 | Build | Farm |
| 12:13 | Create | Villager (Male) |
| 12:14 | Create | Villager (Male) |
| 12:26 | Build | Farm |
| 12:40 | Build | House |
| 12:40 | Build | House |
| 12:55 | Build | Farm |
| 13:08 | Build | Farm |
| 13:13 | Create | Villager (Male) |
| 13:34 | Create | Villager (Male) |
| 13:37 | Create | Villager (Male) |
| 14:07 | Build | Barracks |
| 14:10 | Create | Villager (Male) |
| 14:29 | Create | Villager (Male) |
| 14:38 | Build | Farm |
| 14:43 | Create | Villager (Male) |
| 14:57 | Create | Spearman |
| 14:57 | Create | Spearman |
| 14:58 | Create | Spearman |
| 14:58 | Create | Spearman |
| 15:52 | Build | Barracks |
| 16:20 | Create | Spearman |
| 16:20 | Create | Spearman |
| 16:43 | Research | Man-at-Arms (upgrade) |
| 16:46 | Create | Militia |
| 16:47 | Create | Militia |
| 16:47 | Create | Militia |
| 16:47 | Create | Militia |
| 16:47 | Create | Militia |
| 16:48 | Create | Militia |
| 16:48 | Create | Militia |
| 16:48 | Create | Militia |
| 16:49 | Create | Militia |
| 17:30 | Create | Militia |
| 17:30 | Create | Militia |
| 17:30 | Create | Militia |
| 17:35 | Create | Militia |
| 17:36 | Create | Militia |
| 17:58 | Create | Militia |
| 18:12 | Create | Militia |
| 18:12 | Create | Militia |
| 18:21 | Create | Villager (Male) |
| 18:22 | Create | Villager (Male) |
| 18:22 | Create | Villager (Male) |
| 18:33 | Build | House |
| 18:33 | Build | House |
| 18:34 | Build | House |
| 18:34 | Build | House |
| 18:34 | Build | House |
| 18:36 | Build | House |
| 20:08 | Create | Militia |
| 20:08 | Create | Militia |
| 20:08 | Create | Militia |
| 20:08 | Create | Militia |
| 20:09 | Create | Militia |
| 20:11 | Create | Villager (Male) |
| 20:12 | Create | Villager (Male) |
| 20:18 | Build | Farm |
| 20:20 | Build | Farm |
| 20:24 | Build | Farm |
| 20:26 | Build | Farm |
| 20:28 | Build | Farm |
| 20:31 | Create | Militia |
| 20:31 | Create | Militia |
| 20:32 | Create | Militia |
| 20:33 | Create | Militia |
| 20:33 | Create | Militia |
| 20:33 | Create | Militia |
| 24:08 | Create | Militia |
| 24:08 | Create | Militia |
| 24:08 | Create | Militia |
| 24:08 | Create | Militia |
| 24:09 | Create | Militia |
| 24:09 | Create | Militia |
| 24:09 | Create | Militia |
| 24:09 | Create | Militia |
| 24:10 | Create | Militia |
| 24:10 | Create | Militia |
| 24:10 | Create | Militia |
| 24:17 | Build | Blacksmith |
| 24:18 | Create | Villager (Male) |
| 24:19 | Create | Villager (Male) |
| 24:19 | Create | Villager (Male) |
| 24:19 | Create | Villager (Male) |
| 24:19 | Create | Villager (Male) |
| 24:21 | Create | Villager (Male) |
| 24:21 | Create | Villager (Male) |
| 25:01 | Build | Farm |
| 25:03 | Build | Farm |
| 25:08 | Create | Militia |
| 25:09 | Create | Militia |
| 25:09 | Create | Militia |
| 25:09 | Create | Militia |
| 25:10 | Create | Militia |
| 25:11 | Create | Militia |
Build order — Gonzaa
First 150 of 179 actions detected
| 0:07 | Create | Villager (Male) |
| 0:07 | Create | Villager (Male) |
| 0:07 | Create | Villager (Male) |
| 0:07 | Create | Villager (Male) |
| 0:07 | Create | Villager (Male) |
| 0:08 | Research | Loom |
| 0:13 | Build | House |
| 0:53 | Build | House |
| 1:49 | Create | Villager (Male) |
| 1:53 | Create | Villager (Male) |
| 1:59 | Build | House |
| 2:02 | Build | House |
| 2:04 | Build | House |
| 2:06 | Build | House |
| 2:07 | Build | House |
| 2:23 | Create | Villager (Male) |
| 2:23 | Create | Villager (Male) |
| 2:31 | Create | Villager (Male) |
| 2:31 | Create | Villager (Male) |
| 3:11 | Create | Villager (Male) |
| 3:11 | Create | Villager (Male) |
| 3:27 | Create | Villager (Male) |
| 3:38 | Create | Villager (Male) |
| 4:02 | Create | Villager (Male) |
| 4:19 | Create | Villager (Male) |
| 4:50 | Create | Villager (Male) |
| 4:50 | Create | Villager (Male) |
| 6:04 | Create | Villager (Male) |
| 6:04 | Create | Villager (Male) |
| 6:04 | Create | Villager (Male) |
| 7:21 | Create | Villager (Male) |
| 7:22 | Create | Villager (Male) |
| 7:22 | Create | Villager (Male) |
| 7:23 | Create | Villager (Male) |
| 7:23 | Create | Villager (Male) |
| 8:15 | Build | Mill |
| 8:55 | Build | Lumber Camp |
| 9:24 | Create | Villager (Male) |
| 9:47 | Create | Villager (Male) |
| 10:15 | Research | Feudal Age |
| 10:48 | Build | House |
| 10:48 | Build | House |
| 10:49 | Build | House |
| 10:49 | Build | House |
| 10:49 | Build | House |
| 10:50 | Build | House |
| 10:55 | Build | House |
| 10:55 | Build | House |
| 10:55 | Build | House |
| 10:55 | Build | House |
| 10:59 | Build | House |
| 12:09 | Build | Barracks |
| 12:14 | Build | Barracks |
| 12:24 | Research | Loom |
| 12:28 | Age | Feudal Age |
| 12:30 | Research | Wheelbarrow |
| 12:30 | Research | Town Watch |
| 12:35 | Research | Horse Collar |
| 13:10 | Research | Double-Bit Axe |
| 13:41 | Create | Villager (Male) |
| 14:23 | Create | Villager (Male) |
| 14:34 | Create | Spearman |
| 15:11 | Create | Spearman |
| 15:12 | Create | Spearman |
| 15:20 | Build | Farm |
| 15:22 | Build | Farm |
| 15:24 | Build | Farm |
| 15:26 | Build | Farm |
| 15:27 | Build | Farm |
| 15:28 | Build | Farm |
| 15:30 | Build | Farm |
| 15:32 | Build | Farm |
| 15:34 | Build | Farm |
| 15:36 | Build | Farm |
| 15:37 | Build | Farm |
| 15:39 | Build | Farm |
| 15:41 | Build | Farm |
| 15:52 | Create | Villager (Male) |
| 15:52 | Create | Villager (Male) |
| 16:16 | Build | Farm |
| 16:24 | Build | Farm |
| 16:41 | Build | Farm |
| 16:45 | Create | Villager (Male) |
| 16:46 | Create | Villager (Male) |
| 16:47 | Create | Villager (Male) |
| 17:02 | Build | Lumber Camp |
| 17:18 | Build | Farm |
| 17:36 | Research | Man-at-Arms (upgrade) |
| 17:36 | Research | Arson |
| 17:38 | Create | Militia |
| 17:38 | Create | Militia |
| 17:38 | Create | Militia |
| 17:48 | Build | Watch Tower |
| 18:45 | Create | Spearman |
| 18:45 | Create | Spearman |
| 19:07 | Create | Spearman |
| 19:07 | Create | Spearman |
| 19:40 | Create | Villager (Male) |
| 19:40 | Create | Villager (Male) |
| 19:40 | Create | Villager (Male) |
| 20:11 | Create | Militia |
| 20:17 | Create | Militia |
| 20:41 | Create | Villager (Male) |
| 20:51 | Create | Militia |
| 21:24 | Create | Militia |
| 23:25 | Create | Villager (Male) |
| 23:25 | Create | Villager (Male) |
| 23:26 | Create | Villager (Male) |
| 23:26 | Create | Villager (Male) |
| 23:40 | Build | Mining Camp |
| 23:45 | Create | Villager (Male) |
| 23:45 | Create | Villager (Male) |
| 24:07 | Build | Mining Camp |
| 24:40 | Create | Villager (Male) |
| 24:40 | Create | Villager (Male) |
| 24:41 | Create | Villager (Male) |
| 24:56 | Build | Stable |
| 24:58 | Build | Stable |
| 24:59 | Build | Stable |
| 25:02 | Build | Stable |
| 25:03 | Build | Stable |
| 25:04 | Build | Stable |
| 25:05 | Build | Stable |
| 25:11 | Build | Mining Camp |
| 25:22 | Create | Militia |
| 25:22 | Create | Militia |
| 25:22 | Create | Militia |
| 25:42 | Create | Villager (Male) |
| 25:42 | Create | Villager (Male) |
| 25:42 | Create | Villager (Male) |
| 25:59 | Create | Scout Cavalry |
| 26:46 | Build | Farm |
| 26:50 | Build | Mill |
| 26:52 | Build | Farm |
| 26:54 | Build | Farm |
| 26:55 | Build | Farm |
| 26:57 | Build | Farm |
| 26:58 | Build | Farm |
| 27:00 | Build | Farm |
| 27:10 | Create | Militia |
| 27:12 | Create | Militia |
| 27:17 | Create | Scout Cavalry |
| 27:21 | Create | Scout Cavalry |
| 27:23 | Create | Scout Cavalry |
| 27:58 | Research | Bloodlines |
| 28:29 | Create | Militia |
| 28:30 | Create | Militia |
| 28:57 | Create | Militia |
| 28:57 | Create | Militia |
| 29:09 | Create | Scout Cavalry |
Build order — CHONNR10
145 actions detected in the replay
| 0:03 | Build | House |
| 0:05 | Build | House |
| 0:05 | Create | Villager (Male) |
| 0:06 | Create | Villager (Male) |
| 0:06 | Create | Villager (Male) |
| 0:06 | Create | Villager (Male) |
| 1:34 | Create | Villager (Male) |
| 1:48 | Create | Villager (Male) |
| 2:22 | Create | Villager (Male) |
| 3:03 | Create | Villager (Male) |
| 3:22 | Create | Villager (Male) |
| 3:31 | Build | Mill |
| 3:54 | Create | Villager (Male) |
| 4:14 | Create | Villager (Male) |
| 4:39 | Create | Villager (Male) |
| 4:51 | Build | House |
| 4:55 | Research | Loom |
| 4:58 | Create | Villager (Male) |
| 5:01 | Create | Villager (Male) |
| 5:33 | Build | House |
| 5:35 | Create | Villager (Male) |
| 5:48 | Build | Lumber Camp |
| 5:50 | Create | Villager (Male) |
| 6:04 | Build | Palisade Wall |
| 7:08 | Create | Villager (Male) |
| 7:33 | Create | Villager (Male) |
| 8:27 | Create | Villager (Male) |
| 8:30 | Research | Feudal Age |
| 8:43 | Build | Barracks |
| 8:47 | Create | Villager (Male) |
| 10:00 | Build | Lumber Camp |
| 11:12 | Build | House |
| 11:19 | Create | Villager (Male) |
| 11:20 | Create | Villager (Male) |
| 11:44 | Build | Stable |
| 11:48 | Create | Villager (Male) |
| 12:02 | Build | Mining Camp |
| 12:13 | Create | Villager (Male) |
| 12:32 | Create | Scout Cavalry |
| 12:32 | Create | Scout Cavalry |
| 12:44 | Build | Stable |
| 12:51 | Build | House |
| 12:53 | Create | Villager (Male) |
| 13:12 | Research | Double-Bit Axe |
| 13:16 | Create | Scout Cavalry |
| 13:16 | Create | Scout Cavalry |
| 13:27 | Create | Villager (Male) |
| 13:28 | Create | Villager (Male) |
| 13:36 | Build | House |
| 13:56 | Build | Blacksmith |
| 14:04 | Build | Farm |
| 14:10 | Build | Farm |
| 14:15 | Build | Farm |
| 14:50 | Build | Market |
| 15:04 | Build | Farm |
| 15:10 | Build | Farm |
| 15:34 | Create | Villager (Male) |
| 15:39 | Build | Archery Range |
| 15:46 | Build | Farm |
| 15:49 | Build | Farm |
| 16:15 | Create | Villager (Male) |
| 16:19 | Build | Farm |
| 16:24 | Build | House |
| 16:25 | Build | House |
| 16:27 | Create | Villager (Male) |
| 16:32 | Build | Farm |
| 16:52 | Build | Farm |
| 17:04 | Build | Stone Wall |
| 17:11 | Build | Building 487 |
| 17:12 | Create | Skirmisher |
| 17:12 | Create | Skirmisher |
| 17:18 | Create | Villager (Male) |
| 17:21 | Build | Farm |
| 17:28 | Create | Villager (Male) |
| 17:35 | Research | Scale Barding Armor |
| 17:35 | Research | Forging |
| 18:54 | Build | Farm |
| 18:55 | Create | Villager (Male) |
| 19:02 | Build | Farm |
| 19:09 | Build | House |
| 19:19 | Build | Lumber Camp |
| 19:22 | Build | House |
| 19:27 | Build | Mining Camp |
| 19:29 | Create | Villager (Male) |
| 19:55 | Create | Scout Cavalry |
| 19:56 | Create | Scout Cavalry |
| 19:56 | Create | Scout Cavalry |
| 19:56 | Create | Scout Cavalry |
| 20:14 | Create | Scout Cavalry |
| 20:57 | Create | Skirmisher |
| 20:58 | Create | Skirmisher |
| 21:54 | Create | Scout Cavalry |
| 21:55 | Create | Scout Cavalry |
| 21:55 | Create | Scout Cavalry |
| 21:55 | Create | Scout Cavalry |
| 22:22 | Build | House |
| 22:24 | Build | House |
| 22:35 | Build | Stable |
| 22:38 | Build | House |
| 22:39 | Build | House |
| 22:53 | Build | House |
| 22:58 | Build | Watch Tower |
| 23:19 | Create | Scout Cavalry |
| 23:19 | Create | Scout Cavalry |
| 23:29 | Create | Villager (Male) |
| 23:30 | Create | Villager (Male) |
| 23:30 | Create | Villager (Male) |
| 24:12 | Create | Villager (Male) |
| 24:12 | Create | Villager (Male) |
| 24:23 | Build | Lumber Camp |
| 24:47 | Build | Farm |
| 24:51 | Build | Farm |
| 24:54 | Build | Farm |
| 25:21 | Create | Villager (Male) |
| 26:00 | Create | Villager (Male) |
| 26:00 | Create | Villager (Male) |
| 26:03 | Build | Farm |
| 26:22 | Build | Stone Wall |
| 26:44 | Build | House |
| 26:45 | Build | House |
| 27:11 | Create | Scout Cavalry |
| 27:11 | Create | Scout Cavalry |
| 27:11 | Create | Scout Cavalry |
| 27:45 | Create | Scout Cavalry |
| 27:45 | Create | Scout Cavalry |
| 27:46 | Create | Scout Cavalry |
| 27:58 | Build | Mining Camp |
| 28:18 | Create | Scout Cavalry |
| 28:18 | Create | Scout Cavalry |
| 28:40 | Build | Stable |
| 28:51 | Create | Villager (Male) |
| 29:06 | Create | Scout Cavalry |
| 30:00 | Create | Villager (Male) |
| 30:01 | Create | Villager (Male) |
| 30:33 | Create | Villager (Male) |
| 30:34 | Create | Villager (Male) |
| 30:55 | Create | Scout Cavalry |
| 30:55 | Create | Scout Cavalry |
| 31:02 | Create | Scout Cavalry |
| 31:02 | Create | Scout Cavalry |
| 31:02 | Create | Scout Cavalry |
| 31:39 | Create | Scout Cavalry |
| 32:08 | Build | Lumber Camp |
| 32:17 | Create | Scout Cavalry |
| 32:17 | Create | Scout Cavalry |
Match timeline
| 6:04 | CHONNR10 · wall_segment Palisade Wall x5 |
| 8:43 | CHONNR10 · first_building Barracks |
| 10:51 | v4L · age_up feudal |
| 11:39 | PicanteMartinez · first_building Barracks |
| 11:44 | CHONNR10 · first_building Stable |
| 12:09 | Gonzaa · first_building Barracks |
| 12:28 | Gonzaa · age_up feudal |
| 14:07 | v4L · first_building Barracks |
| 14:18 | PicanteMartinez · age_up feudal |
| 15:39 | CHONNR10 · first_building Archery Range |
| 17:04 | CHONNR10 · wall_segment Stone Wall x9 |
| 17:25 | CHONNR10 · first_market_buy 100 food |
| 21:45 | CHONNR10 · first_market_sell 100 wood |
| 24:56 | Gonzaa · first_building Stable |
| 26:22 | CHONNR10 · wall_segment Stone Wall x6 |
| 28:45 | PicanteMartinez · first_market_buy 500 stone |
| 29:45 | PicanteMartinez · age_up castle |
| 31:00 | PicanteMartinez · first_building Castle |
| 31:58 | PicanteMartinez · resign |
[ AI ANALYSIS · 1 CREDIT ]
What really happened in this match?
Wolo.gg analyzes every decision: build order, eco, micro, common mistakes by bracket. Personalized analysis on WhatsApp or Discord in 30 seconds.
Civ guide
Ethiopians
Map guide
Arabia
Perfil
PicanteMartinez